 Dungeon Crawl Stone Soup version 0.20-a0-1121-gbb42413 (webtiles) character file.

79 benbatman the Slasher (level 4, -4/35 HPs)
             Began as a Gnoll Skald on May 4, 2017.
             Slain by a gnoll
             ... wielding a +0 spear
              (11 damage)
             ... on level 2 of the Dungeon on May 10, 2017.
             The game lasted 00:04:47 (1905 turns).

benbatman the Slasher (Gnoll Skald)                 Turns: 1905, Time: 00:04:48

Health: -4/35      AC:  3    Str: 10    XL:     4   Next: 38%
Magic:  9/9        EV: 12    Int: 14    God:
Gold:   110        SH:  5    Dex: 13    Spells: 9/10 levels left

rFire    . . .     SeeInvis .   a - +0 falchion
rCold    . . .     Gourm    .   m - +0 buckler
rNeg     . . .     Faith    .   b - +0 leather armour
rPois    .         Spirit   .   (no helmet)
rElec    .         Reflect  .   (no cloak)
rCorr    .         Harm     .   (no gloves)
MR       .....                  (no boots)
Stlth    +.........             (no amulet)
Regen    0.2/turn               (no ring)
MPRegen  0.2/turn               (no ring)

@: no status effects
A: short attention span, fangs 1, strong nose
a: no special abilities


You were on level 2 of the Dungeon.
You were not hungry.

You visited 1 branch of the dungeon, and saw 2 of its levels.

You collected 110 gold pieces.

Inventory:

Hand Weapons
 a - a +0 falchion (weapon)
Armour
 b - a +0 leather armour (worn)
 j - a +0 large shield
 m - a +0 buckler (worn)
Jewellery
 i - an uncursed ring of stealth {unknown}
Scrolls
 e - 3 scrolls of fear {unknown}
 l - 3 scrolls of remove curse {unknown}
Potions
 h - a potion of ambrosia {unknown}
 k - a potion of curing {unknown}
 n - a potion of might {unknown}
 o - 2 potions of degeneration {unknown}
Books
 c - a book of Battle

   Spells                             Type                      Level
   a - Infusion                       Charms                       1
   b - Shroud of Golubria             Charms/Translocation         2
   c - Song of Slaying                Charms                       2
   d - Spectral Weapon                Hexes/Charms                 3
   e - Regeneration                   Charms/Necromancy            3
Comestibles
 d - 4 bread rations
 f - a meat ration
 g - 3 royal jellies


   Skills:
 - Level 3.2 Fighting
 - Level 6.0 Long Blades
 - Level 1.7 Armour
 - Level 3.2 Dodging
 - Level 0.9 Stealth
 + Level 3.4 Shields
 - Level 3.6 Spellcasting
 - Level 4.8 Charms


You had 9 spell levels left.
You knew the following spells:

 Your Spells              Type           Power        Failure   Level  Hunger
a - Infusion              Chrm           ###.         4%          1    None


Dungeon Overview and Level Annotations

Branches:
Dungeon (2/15)

Altars:
Elyvilon


Innate Abilities, Weirdness & Mutations

You have a short attention span.
You have very sharp teeth.
Your uncanny sense of smell can sniff out nearby items.


Message History

The bat closely misses you. The bat barely misses you. The bat misses you.
You block the bat's attack.
A goblin comes into view.
The goblin shouts!
The bat closely misses you.
You riposte.
You hit the bat but do no damage. The bat hits you.
* * * LOW HITPOINT WARNING * * *
The bat hits you.
* * * LOW HITPOINT WARNING * * *
You miss the goblin. The bat hits you.
* * * LOW HITPOINT WARNING * * *
The bat closely misses you.
You riposte.
You slash the bat!
You kill the bat!
You block the goblin's attack.
You closely miss the goblin. The goblin misses you.
You closely miss the goblin.
The gnoll hits you from afar with a spear!
You die...

###....##.##### #...........#
..............#####...........#
.(....#.....#.......†.........# ∆
..............######...(......#
......#.⌠.⌠.#.# #.†.)......#
..............# #.........##
......#.....#.# ###.......#
........._....########.......####
......#.....#..g@†ggg..).........
#####.........########.........##
#.#.⌠.⌠.#.# ##.......... ##
#.........# #######......#.#. .#
#.#...†.#.# #......)...#.#.#. .#
#.........# #..........#...#. .#
######.##### #..........#<###. .#
#........# #..........#.....
.###.......[# #..........#.####


You could see 3 gnolls and a goblin.

Vanquished Creatures
  An adder (D:2)
  3 worms (D:2)
  A dart slug (D:1)
  3 leopard geckos (D:1)
  A ball python (D:1)
  6 giant cockroaches
  7 goblins
  3 hobgoblins
  3 jackals
  7 kobolds
  9 bats
  7 frilled lizards (D:1)
  3 rats
54 creatures vanquished.

Notes
Turn   | Place    | Note
-------+----------+-------------------------------------------
     0 | D:1      | benbatman the Gnoll Skald began the quest for the Orb.
     0 | D:1      | Reached XP level 1. HP: 18/18 MP: 5/5
     3 | D:1      | Noticed an electric eel
     3 | D:1      | Noticed an electric eel
   132 | D:1      | Reached skill level 4 in Long Blades
   150 | D:1      | Reached XP level 2. HP: 9/24 MP: 6/6
   476 | D:1      | Reached skill level 5 in Long Blades
   718 | D:1      | Reached XP level 3. HP: 28/29 MP: 8/8
  1139 | D:2      | Reached skill level 6 in Long Blades
  1339 | D:2      | Reached skill level 1 in Shields
  1365 | D:2      | Found a white marble altar of Elyvilon.
  1612 | D:2      | Reached XP level 4. HP: 35/35 MP: 6/9
  1756 | D:2      | Upgraded the game from 0.20-a0-1101-g1de9d76 to 0.20-a0-1121-gbb42413
  1905 | D:2      | Slain by a gnoll

Vault maps used:
D:1:      arrival_aquarium_b, serial_bayou_pond_d, minmay_vboxes
D:2:      elyvilon_altar_5, tgw_trog, first_bread

Skill      XL: |  1  2  3  4 |
---------------+-------------+-----
Long Blades    | 4 5 6 |  6.0
Shields        | 2 3 |  3.4
Fighting       | |  3.2
Armour         | |  1.7
Dodging        | |  3.2
Stealth        | |  0.9
Spellcasting   | |  3.6
Charms         | |  4.8

Action                   |  1- 3 |  4- 6 || total
-------------------------+-------+-------++-------
Melee: Falchion          |   148 |    34 ||   182
       Bite              |    13 |     4 ||    17
 Cast: Infusion          |     1 |       ||     1
  Use: Potion            |       |     1 ||     1
  Eat: Chunk             |     2 |     1 ||     3
Armor: Leather armour    |    43 |    17 ||    60
Dodge: Dodged            |    88 |    24 ||   112
Block: Buckler           |     8 |    18 ||    26
       Rpst.: Falchion   |    22 |     9 ||    31
